 Dungeon Crawl Stone Soup version 0.30-a0-1164-ge08a67761e (webtiles) character file.

Game seed: 17183260288746616532

176 jimonade the Grave Robber (level 5, -3/35 HPs)
             Began as a Mummy Necromancer on Apr 29, 2023.
             Slain by a kobold brigand
             ... wielding a +0 whip
              (7 damage)
             ... in a sewer.
             The game lasted 00:08:02 (2867 turns).

jimonade the Grave Robber (Mummy Necromancer)       Turns: 2867, Time: 00:08:02

Health: -3/35      AC:  6    Str: 14    XL:     5   Next: 30%
Magic:  0/11       EV: 12    Int: 14    God:
Gold:   179        SH:  0    Dex: 12    Spells: 4/12 levels left

rFire   x . .        a - +2 whip (vamp)
rCold   + . .        (no shield)
rNeg    + + +        b - +0 robe
rPois   ∞            (no helmet)
rElec   .            c - +2 cloak
rCorr   .            f - +0 pair of gloves
SInv    .            (no boots)
Will    .....        (no amulet)
Stlth   ++           (no ring)
HPRegen 0.25/turn    (no ring)
MPRegen 0.12/turn

%: faith
@: no status effects
A: cold resistance 1, negative energy resistance 3, torment resistance 2, heat
vulnerability 1, in touch with death 1, no potions, faith
a: no special abilities


You were in a sewer.
You visited 1 branch of the dungeon, and saw 3 of its levels.
You also visited: Sewer.

You collected 179 gold pieces.

Inventory:

Hand Weapons
 a - a +2 vampiric whip (weapon)
 i - a +0 hand axe
 j - a +0 dagger
 l - a +0 whip
 m - a +0 mace
 p - a +3 spear
Missiles
 d - 5 atropa-tipped darts
 e - 20 stones
 k - 2 throwing nets
Armour
 b - a +0 robe (worn)
 c - a +2 cloak (worn)
 f - a +0 pair of gloves (worn)
 g - a +0 ring mail
 s - a +0 chain mail
Scrolls
 h - a scroll of immolation
 n - a scroll of enchant weapon
 o - a scroll of fog
 q - a scroll of poison {unknown}
 r - a scroll of blinking {unknown}


   Skills:
 + Level 0.2 Fighting
 + Level 1.8 Dodging
 - Level 1.5 Stealth
 + Level 4.1 Spellcasting
 * Level 5.9 Necromancy


You had 4 spell levels left.
You knew the following spells:

 Your Spells              Type           Power      Damage    Failure   Level
a - Necrotise             Necr           100%       1d9       1%          1
b - Vampiric Draining     Necr           29%        2d8       4%          3
c - Animate Dead          Necr           29%        N/A       17%         4

Your spell library contained the following spells:

 Spells                   Type           Power      Damage    Failure   Level
 Agony                    Necr           29%        N/A       43%         5


Dungeon Overview and Level Annotations

Branches:
Dungeon (3/15)              Sewer (1/1)

Altars:

Annotations:
D:2 Sigmund


Innate Abilities, Weirdness & Mutations

You are immune to poison.
Your flesh is cold resistant. (rC+)
You are immune to negative energy. (rN+++)
You are immune to unholy pain and torment.
You are vulnerable to heat. (rF-)
You are in touch with the powers of death.
You do not drink.
You have a special connection with the divine. (Faith)


Message History

The kobold brigand hits your kobold skeleton with a +0 whip!
Your kobold skeleton is destroyed!
The kobold barely misses you.
You closely miss the kobold brigand.
The kobold brigand is severely wounded.
Your kobold skeleton crumbles into dust!
The kobold brigand hits you with a +0 whip.
* * * LOW HITPOINT WARNING * * *
The kobold splashes around in the water.
You barely miss the kobold brigand.
The kobold brigand is severely wounded.
The kobold barely misses you.
The kobold splashes around in the water.
The kobold brigand hits you but does no damage.
You closely miss the kobold.
The kobold is moderately wounded.
The kobold hits you with a +0 short sword.
* * * LOW HITPOINT WARNING * * *
The kobold hits you but does no damage.
The kobold brigand completely misses you.
You whack the kobold!
You kill the kobold!
You hear a splash. x2
The kobold closely misses you. The kobold brigand closely misses you.
Aiming: Necrotise (safe; 1% risk of failure)
Press: ? - help, Q - select action, (/) - cycle Shift-Dir - straight line, f - kobold
Aim: a kobold, wielding a +0 short sword (heavily wounded, chance to affect: 93%)
You feel a surge of power!
The kobold writhes in agony!
You kill the kobold!
The dead are walking!
The kobold brigand hits you but does no damage.
You miss the kobold brigand.
The kobold brigand is severely wounded.
The kobold brigand closely misses you.
The kobold brigand hits you with a +0 whip.
* * * LOW HITPOINT WARNING * * *
You closely miss the kobold brigand.
The kobold brigand is severely wounded.
The kobold brigand hits you with a +0 whip!
You die...

#~~~~~~~~~~~~~~~~~~~
#≈~≈≈≈≈≈~≈≈≈≈≈~≈≈≈≈≈
~~~~~~~~~~~~~~~~~~~
######~##########~~~~##
#)...#~P~P...P~P~~~~P~~
#.∩..'~~~~...~~~P~~~~~P
#!.Z!)~).~.......~P~~..
#.K...............
#@.....##.........
##########...#...P
#..P#.... #####..## #


You could see a kobold brigand.

Vanquished Creatures
  An iguana (D:3)
  3 gnolls (D:2)
  2 adders (D:2)
  2 river rats (D:3)
  2 worms (D:2)
  A dart slug (D:1)
  An orc (D:3)
  9 ball pythons
  4 endoplasms
  A giant cockroach (D:3)
  2 goblins
  3 hobgoblins
  3 jackals (D:1)
  5 quokkas
  5 bats
  3 frilled lizards (D:1)
  14 kobolds
  4 rats
65 creatures vanquished.

Vanquished Creatures (collateral kills)
  A ball python (Sewer)
  2 hobgoblins
  A quokka (D:2)
  A frilled lizard (D:1)
  2 kobolds
  2 rats (D:3)
9 creatures vanquished.

Vanquished Creatures (others)
  2 plants (D:2)
2 creatures vanquished.

Grand Total: 76 creatures vanquished

Notes
Turn   | Place    | Note
-------+----------+-------------------------------------------
     0 | D:1      | jimonade the Mummy Necromancer began the quest for the Orb.
     0 | D:1      | Reached XP level 1. HP: 13/13 MP: 4/4
   155 | D:1      | Reached XP level 2. HP: 19/19 MP: 2/5
   961 | D:2      | Gained mutation: You are in touch with the powers of death.
                  | [Mummy growth]
   961 | D:2      | Reached XP level 3. HP: 24/24 MP: 4/7
  1111 | D:2      | Noticed Sigmund
  1311 | D:2      | Reached skill level 5 in Necromancy
  1705 | D:2      | Reached XP level 4. HP: 15/30 MP: 1/9
  1955 | D:2      | Learned a level 3 spell: Vampiric Draining
  1960 | D:2      | Learned a level 4 spell: Animate Dead
  2635 | D:3      | Reached XP level 5. HP: 23/35 MP: 5/10
  2653 | D:3      | Found a glowing drain.
  2661 | Sewer    | Entered a sewer
  2867 | Sewer    | Slain by a kobold brigand

Illustrated notes

Levels and vault maps discovered:
D:1:      lightli_arrival_noodles, layout_rooms, chequers_serial_rivers_micro_e
D:2:      layout_basic, guppyfry_early_lair_pool, uniq_sigmund
D:3:      layout_loops_ring, portal_sewer_entry_e,
          dreamdust_ecumenical_altar_drowned_temple
Sewer:    kennysheep_pipe_town

Skill      XL: |  1  2  3  4  5 |
---------------+----------------+-----
Spellcasting   | 3 4 |  4.1
Necromancy     | 5 |  5.9
Fighting       | |  0.2
Dodging        | |  1.8
Stealth        | |  1.5

Action                     |  1- 3 |  4- 6 || total
---------------------------+-------+-------++-------
  Melee: Unarmed           |     4 |       ||     4
         Hand axe          |    25 |       ||    25
         Dagger            |    14 |       ||    14
         Whip              |    11 |    56 ||    67
         Punch             |       |     1 ||     1
   Cast: Necrotise         |    59 |    47 ||   106
    Use: Scroll            |       |     3 ||     3
 Armour: Robe              |    21 |    31 ||    52
  Dodge: Dodged            |    62 |    61 ||   123

Table legend: (Time is in decaauts)
 A = Elapsed time spent in this place.
 B = Non-inter-level travel time spent in this place.
 C = Inter-level travel time spent in this place.
 D = Time resting spent in this place.
 E = Time spent auto-exploring this place.
 F = Levels seen in this place.
 G = Mean time per level.
                   A        B        C        D        E       F      G
               +--------+--------+--------+--------+--------+-----+--------+
         Total |   2901 |   2786 |    115 |    239 |   1412 |   4 |  725.2 |
       Dungeon |   2680 |   2565 |    115 |    218 |   1343 |   3 |  893.3 |
         Sewer |    220 |    220 |      0 |     21 |     69 |   1 |  220.0 |
               +--------+--------+--------+--------+--------+-----+--------+

Top non-repeatable levels by time:
     D:2: 1464 daAuts
     D:1: 919 daAuts
     D:3: 297 daAuts
   Sewer: 220 daAuts
